TOP OF THE 1ST |
University of Nebraska Cornhuskers batting - Pitching for University of Florida Gators : RHP Danny Crespo
|
Pitching: RHP Danny Crespo
|
|
Batting: RHB Mario Lopec
|
0-0: Foul Ball, location: 2F 0-1: Ball 1-1: Fly out, F9 (Flyball, 9D, EV 105.6 MPH)
|
Batting: RHB Danny Forbes
|
0-0: Ball 1-0: Called Strike 1-1: Ball 2-1: Swinging Strike 2-2: Strikes out swinging
|
Batting: RHB Zion Jones
|
0-0: Ball 1-0: Ball 2-0: Called Strike 2-1: Swinging Strike 2-2: Foul Ball, location: 2F 2-2: Foul Ball, location: 2F 2-2: Fly out, F9 (Flyball, 9S, EV 95.0 MPH)
|
Top of the 1st over - 0 runs, 0 hits, 0 errors, 0 left on base; University of Nebraska 0 - University of Florida 0 |
BOTTOM OF THE 1ST |
University of Florida Gators batting - Pitching for University of Nebraska Cornhuskers : RHP Jimmy Fritcher
|
Pitching: RHP Jimmy Fritcher
|
|
Batting: RHB Marco Morales
|
0-0: SINGLE (Groundball, 3S, EV 69.4 MPH) (infield hit)
|
Batting: RHB Gong-sun Law
|
0-0: Called Strike 0-1: Called Strike Marco Morales is caught stealing 2nd base 2-4 0-2: Ball 1-2: Ball 2-2: Foul Ball, location: 2F 2-2: Strikes out swinging
|
Batting: RHB Robert Mason
|
0-0: Swinging Strike 0-1: Foul Ball, location: 2F 0-2: Foul Ball, location: 2F 0-2: Strikes out looking
|
Bottom of the 1st over - 0 runs, 1 hit, 0 errors, 0 left on base; University of Nebraska 0 - University of Florida 0 |
TOP OF THE 2ND |
University of Nebraska Cornhuskers batting - Pitching for University of Florida Gators : RHP Danny Crespo
|
Batting: LHB Jose Gonzalez
|
0-0: Called Strike 0-1: Ball 1-1: Swinging Strike 1-2: Strikes out swinging
|
Batting: RHB Chris Anthony
|
0-0: Fly out, F8 (Flyball, 8RXD, EV 106.2 MPH)
|
Batting: LHB Bob Appleby
|
0-0: Swinging Strike 0-1: Foul Ball, location: 2F 0-2: Strikes out swinging
|
Top of the 2nd over - 0 runs, 0 hits, 0 errors, 0 left on base; University of Nebraska 0 - University of Florida 0 |
BOTTOM OF THE 2ND |
University of Florida Gators batting - Pitching for University of Nebraska Cornhuskers : RHP Jimmy Fritcher
|
Batting: SHB Nelson Carachure
|
0-0: Ball 1-0: Foul Ball, location: 2F 1-1: Ball 2-1: Foul Ball, location: 2F 2-2: Fly out, F8 (Flyball, 8LM, EV 90.0 MPH)
|
Batting: RHB Luis Cabera
|
0-0: Ball 1-0: Fly out, F6 (Line Drive, 56, EV 70.0 MPH)
|
Batting: RHB Lião Weishampt
|
0-0: Ball 1-0: Ball 2-0: Foul Ball, location: 2F 2-1: Called Strike 2-2: Foul Ball, location: 2F 2-2: Ball 3-2: Foul Ball, location: 2F 3-2: Foul Ball, location: 2F 3-2: Fly out, F8 (Flyball, 8LXD, EV 97.5 MPH)
|
Bottom of the 2nd over - 0 runs, 0 hits, 0 errors, 0 left on base; University of Nebraska 0 - University of Florida 0 |
TOP OF THE 3RD |
University of Nebraska Cornhuskers batting - Pitching for University of Florida Gators : RHP Danny Crespo
|
Batting: LHB Mike Rawson
|
0-0: Fly out, F9 (Line Drive, 9S, EV 106.9 MPH)
|
Batting: RHB Tariq Garane
|
0-0: Ball 1-0: Called Strike 1-1: Ball 2-1: Foul Ball, location: 2F 2-2: Ball 3-2: Strikes out looking
|
Batting: SHB Phil Roper
|
0-0: Ball 1-0: Ball 2-0: Called Strike 2-1: Foul Ball, location: 2F 2-2: Ball 3-2: Foul Ball, location: 2F 3-2: Ground out U3 (Groundball, 3, EV 84.4 MPH)
|
Top of the 3rd over - 0 runs, 0 hits, 0 errors, 0 left on base; University of Nebraska 0 - University of Florida 0 |
BOTTOM OF THE 3RD |
University of Florida Gators batting - Pitching for University of Nebraska Cornhuskers : RHP Jimmy Fritcher
|
Batting: LHB Dave Newsome
|
0-0: Ball 1-0: Foul Ball, location: 2F 1-1: Ground out 3-1 (Groundball, 13, EV 88.8 MPH)
|
Batting: RHB Juan Lopez
|
0-0: Ball 1-0: Ball 2-0: Ball 3-0: Ground out 5-3 (Groundball, 56S, EV 75.0 MPH)
|
Batting: LHB Juan Cadavid
|
0-0: Ball 1-0: Called Strike 1-1: Ball 2-1: Ball 3-1: Foul Ball, location: 2F 3-2: Strikes out looking
|
Bottom of the 3rd over - 0 runs, 0 hits, 0 errors, 0 left on base; University of Nebraska 0 - University of Florida 0 |
TOP OF THE 4TH |
University of Nebraska Cornhuskers batting - Pitching for University of Florida Gators : RHP Danny Crespo
|
Pitching: RHP Jeff Nadeau
|
|
Batting: RHB Mario Lopec
|
0-0: Ball 1-0: Called Strike 1-1: Ball 2-1: Ball 3-1: Base on Balls
|
Batting: RHB Danny Forbes
|
0-0: Ball 1-0: Fielders Choice at 2nd, 5-4 (Groundball, 56, EV 108.8 MPH)
|
Batting: RHB Zion Jones
|
0-0: Called Strike 0-1: Foul Ball, location: 2F 0-2: Ball 1-2: Ball 2-2: Foul Ball, location: 2F 2-2: Ball 3-2: Fielders Choice at 2nd, 6-4 (Groundball, 6, EV 85.6 MPH)
|
Batting: LHB Jose Gonzalez
|
0-0: Called Strike Zion Jones is caught stealing 2nd base 2-6
|
Top of the 4th over - 0 runs, 0 hits, 0 errors, 0 left on base; University of Nebraska 0 - University of Florida 0 |
BOTTOM OF THE 4TH |
University of Florida Gators batting - Pitching for University of Nebraska Cornhuskers : RHP Jimmy Fritcher
|
Batting: RHB Marco Morales
|
0-0: Foul Ball, location: 2F 0-1: Called Strike 0-2: Ball 1-2: Ball 2-2: Ground out 3-1 (Groundball, 34, EV 99.4 MPH)
|
Batting: RHB Gong-sun Law
|
0-0: Called Strike 0-1: Foul Ball, location: 2F 0-2: Ball 1-2: Foul Ball, location: 2F 1-2: Fly out, F6 (Line Drive, 6MD, EV 68.1 MPH)
|
Batting: RHB Robert Mason
|
0-0: Ball 1-0: Called Strike 1-1: Ball 2-1: Ball 3-1: Base on Balls
|
Batting: SHB Nelson Carachure
|
0-0: Called Strike 0-1: Called Strike Robert Mason steals 2nd, throwing error, E2 Robert Mason to third 0-2: Ground out 4-3 (Groundball, 4, EV 92.5 MPH)
|
Bottom of the 4th over - 0 runs, 0 hits, 1 error, 1 left on base; University of Nebraska 0 - University of Florida 0 |
TOP OF THE 5TH |
University of Nebraska Cornhuskers batting - Pitching for University of Florida Gators : RHP Jeff Nadeau
|
Batting: LHB Jose Gonzalez
|
0-0: Ball 1-0: Called Strike 1-1: Ball 2-1: Single, Error in OF, E9, batter to second base (Groundball, 34D, EV 96.9 MPH)
|
Batting: RHB Chris Anthony
|
0-0: Called Strike 0-1: DOUBLE (Groundball, 3L, EV 97.5 MPH) Jose Gonzalez scores
|
Batting: LHB Bob Appleby
|
0-0: Ball 1-0: Ball 2-0: Ball 3-0: Called Strike 3-1: Fly out, F7 (Flyball, 78M, EV 94.4 MPH)
|
Batting: LHB Mike Rawson
|
0-0: Foul Ball, location: 2F 0-1: Ball 1-1: Fly out, F7 (Flyball, 7D, EV 91.2 MPH)
|
Batting: RHB Tariq Garane
|
0-0: 2-RUN HOME RUN (Flyball, 7LD, EV 98.8 MPH), Distance : 350 ft
|
Pitching: RHP Roberto Santiago
|
|
Batting: SHB Phil Roper
|
0-0: Ball 1-0: Foul Ball, location: 2F 1-1: Swinging Strike 1-2: Ball 2-2: Strikes out looking
|
Top of the 5th over - 3 runs, 3 hits, 1 error, 0 left on base; University of Nebraska 3 - University of Florida 0 |
BOTTOM OF THE 5TH |
University of Florida Gators batting - Pitching for University of Nebraska Cornhuskers : RHP Jimmy Fritcher
|
Batting: RHB Luis Cabera
|
0-0: Foul Ball, location: 2F 0-1: Reached on error, E6 (Groundball, 56, EV 86.2 MPH)
|
Batting: RHB Lião Weishampt
|
0-0: Called Strike 0-1: Foul Ball, location: 2F 0-2: Ball 1-2: Ball 2-2: Ball 3-2: Strikes out swinging Luis Cabera is caught stealing 2nd base 2-4 Batter strikes out.
|
Batting: LHB Dave Newsome
|
0-0: Ball 1-0: Called Strike 1-1: Swinging Strike 1-2: Strikes out swinging
|
Bottom of the 5th over - 0 runs, 0 hits, 1 error, 0 left on base; University of Nebraska 3 - University of Florida 0 |
TOP OF THE 6TH |
University of Nebraska Cornhuskers batting - Pitching for University of Florida Gators : RHP Roberto Santiago
|
Batting: RHB Mario Lopec
|
0-0: Foul Ball, location: 2F 0-1: Ground out 6-3 (Groundball, P, EV 93.8 MPH)
|
Batting: RHB Danny Forbes
|
0-0: Ball 1-0: Called Strike 1-1: Ball 2-1: Swinging Strike 2-2: Fly out, F9 (Flyball, 9S, EV 82.5 MPH)
|
Batting: RHB Zion Jones
|
0-0: Called Strike 0-1: Ball 1-1: Ball 2-1: Foul Ball, location: 2F 2-2: Foul Ball, location: 2F 2-2: Fly out, F7 (Flyball, 7D, EV 111.2 MPH)
|
Top of the 6th over - 0 runs, 0 hits, 0 errors, 0 left on base; University of Nebraska 3 - University of Florida 0 |
BOTTOM OF THE 6TH |
University of Florida Gators batting - Pitching for University of Nebraska Cornhuskers : RHP Jimmy Fritcher
|
Batting: RHB Juan Lopez
|
0-0: Ball 1-0: Foul Ball, location: 2F 1-1: Ball 2-1: Ground out U3 (Groundball, 3, EV 87.5 MPH)
|
Batting: LHB Juan Cadavid
|
0-0: Ball 1-0: Called Strike 1-1: Swinging Strike 1-2: Ball 2-2: Strikes out swinging
|
Batting: RHB Marco Morales
|
0-0: Ground out U3 (Groundball, 34, EV 77.5 MPH)
|
Bottom of the 6th over - 0 runs, 0 hits, 0 errors, 0 left on base; University of Nebraska 3 - University of Florida 0 |
TOP OF THE 7TH |
University of Nebraska Cornhuskers batting - Pitching for University of Florida Gators : RHP Roberto Santiago
|
Batting: LHB Jose Gonzalez
|
0-0: Called Strike 0-1: SOLO HOME RUN (Flyball, 9D, EV 101.9 MPH), Distance : 387 ft
|
Batting: RHB Chris Anthony
|
0-0: Ball 1-0: SINGLE (Flyball, 78S, EV 94.4 MPH)
|
Batting: LHB Bob Appleby
|
0-0: Called Strike Chris Anthony steals 2nd base 0-1: Ball 1-1: Intentional Walk
|
Batting: LHB Mike Rawson
|
0-0: Ball 1-0: Bunted foul 1-1: Sac Bunt to 13S - play at first, batter OUT! 1-4 Chris Anthony to third Bob Appleby to second
|
Batting: RHB Tariq Garane
|
0-0: Intentional Walk
|
Batting: SHB Phil Roper
|
0-0: Ball 1-0: Ball 2-0: GRAND SLAM HOME RUN (Flyball, 9LD, EV 95.0 MPH), Distance : 361 ft
|
Pitching: LHP Alexander Collins
|
|
Batting: RHB Mario Lopec
|
0-0: Ball 1-0: Ground out 5-3 (Groundball, 5L, EV 97.5 MPH)
|
Batting: RHB Danny Forbes
|
0-0: Ball 1-0: Hit by Pitch
|
Batting: RHB Zion Jones
|
0-0: Ball 1-0: Swinging Strike 1-1: Ball 2-1: Foul Ball, location: 2F 2-2: Ball 3-2: Foul Ball, location: 2F 3-2: Ground out 6-3 (Groundball, P, EV 91.2 MPH)
|
Top of the 7th over - 5 runs, 3 hits, 0 errors, 1 left on base; University of Nebraska 8 - University of Florida 0 |
BOTTOM OF THE 7TH |
University of Florida Gators batting - Pitching for University of Nebraska Cornhuskers : RHP Jimmy Fritcher
|
Pitching: RHP Alejandro Echevarria
|
|
Batting: RHB Gong-sun Law
|
0-0: Swinging Strike 0-1: Ball 1-1: SINGLE (Groundball, 23, EV 66.2 MPH) (infield hit)
|
Batting: RHB Robert Mason
|
0-0: Ball 1-0: Ball Gong-sun Law steals 2nd base (no throw) 2-0: Ball 3-0: Foul Ball, location: 2F 3-1: Swinging Strike 3-2: Base on Balls
|
Batting: SHB Nelson Carachure
|
0-0: Ball 1-0: Foul Ball, location: 2F 1-1: Fly out, F9 (Flyball, 9, EV 91.9 MPH)
|
Batting: RHB Luis Cabera
|
0-0: Ball 1-0: Called Strike 1-1: Swinging Strike 1-2: Foul Ball, location: 2F 1-2: Ball 2-2: Ball 3-2: Base on Balls Gong-sun Law to third Robert Mason to second
|
Pinch Hitting: LHB Jose Garcia
|
0-0: Ball 1-0: Fielders Choice at 2nd, 5-4 (Groundball, 56S, EV 83.8 MPH) Gong-sun Law scores Robert Mason to third
|
Pinch Hitting: RHB Danny Cisneros
|
0-0: Called Strike 0-1: Ball 1-1: Called Strike 1-2: Foul Ball, location: 2F 1-2: Strikes out swinging
|
Bottom of the 7th over - 1 run, 1 hit, 0 errors, 2 left on base; University of Nebraska 8 - University of Florida 1 |
TOP OF THE 8TH |
University of Nebraska Cornhuskers batting - Pitching for University of Florida Gators : LHP Alexander Collins
|
Now at 1B: Jose Garcia
|
|
Now in LF: Danny Cisneros
|
|
Batting: LHB Jose Gonzalez
|
0-0: Fly out, F8 (Line Drive, 8RD, EV 88.8 MPH)
|
Batting: RHB Chris Anthony
|
0-0: Called Strike 0-1: SINGLE (Groundball, 6MS, EV 75.6 MPH) (infield hit)
|
Batting: LHB Bob Appleby
|
0-0: Called Strike Chris Anthony steals 2nd base 0-1: Called Strike 0-2: 2-RUN HOME RUN (Flyball, 9D, EV 98.8 MPH), Distance : 385 ft
|
Batting: LHB Mike Rawson
|
0-0: Ball 1-0: Ball 2-0: Swinging Strike 2-1: Fly out, F8 (Flyball, 8RS, EV 85.0 MPH)
|
Batting: RHB Tariq Garane
|
0-0: Ball 1-0: Swinging Strike 1-1: Called Strike 1-2: DOUBLE (Line Drive, 5D, EV 99.4 MPH)
|
Batting: SHB Phil Roper
|
0-0: Ball 1-0: Foul Ball, location: 2F 1-1: Ground out 6-3 (Groundball, 6S, EV 62.5 MPH)
|
Top of the 8th over - 2 runs, 3 hits, 0 errors, 1 left on base; University of Nebraska 10 - University of Florida 1 |
BOTTOM OF THE 8TH |
University of Florida Gators batting - Pitching for University of Nebraska Cornhuskers : RHP Alejandro Echevarria
|
Batting: RHB Juan Lopez
|
0-0: Called Strike 0-1: Ball 1-1: Ground out 5-3 (Groundball, 56, EV 86.9 MPH)
|
Batting: LHB Juan Cadavid
|
0-0: Ball 1-0: Ground out 4-3 (Groundball, 34, EV 103.1 MPH)
|
Batting: RHB Marco Morales
|
0-0: Foul Ball, location: 2F 0-1: Swinging Strike 0-2: Foul Ball, location: 2F 0-2: Ball 1-2: Foul Ball, location: 2F 1-2: Strikes out swinging
|
Bottom of the 8th over - 0 runs, 0 hits, 0 errors, 0 left on base; University of Nebraska 10 - University of Florida 1 |
TOP OF THE 9TH |
University of Nebraska Cornhuskers batting - Pitching for University of Florida Gators : LHP Alexander Collins
|
Batting: RHB Mario Lopec
|
0-0: Foul Ball, location: 2F 0-1: Called Strike 0-2: Strikes out swinging
|
Batting: RHB Danny Forbes
|
0-0: Ball 1-0: Called Strike 1-1: Ball 2-1: Swinging Strike 2-2: Ball 3-2: Fly out, F5 (Line Drive, 56, EV 68.8 MPH)
|
Batting: RHB Zion Jones
|
0-0: Foul Ball, location: 2F 0-1: Swinging Strike 0-2: Ball 1-2: Foul Ball, location: 2F 1-2: Ball 2-2: Strikes out swinging
|
Top of the 9th over - 0 runs, 0 hits, 0 errors, 0 left on base; University of Nebraska 10 - University of Florida 1 |
BOTTOM OF THE 9TH |
University of Florida Gators batting - Pitching for University of Nebraska Cornhuskers : RHP Alejandro Echevarria
|
Batting: RHB Gong-sun Law
|
0-0: Ball 1-0: Ball 2-0: Fly out, F8 (Flyball, 89M, EV 92.5 MPH)
|
Batting: RHB Robert Mason
|
0-0: Swinging Strike 0-1: Ball 1-1: Ground out U3 (Groundball, 3, EV 93.8 MPH)
|
Batting: SHB Nelson Carachure
|
0-0: Called Strike 0-1: Called Strike 0-2: Strikes out swinging
|
Bottom of the 9th over - 0 runs, 0 hits, 0 errors, 0 left on base; University of Nebraska 10 - University of Florida 1 |
|